 Dungeon Crawl Stone Soup version 0.27-a0-1228-gfd60fd639a (webtiles) character file.

Game seed: 663941867082506197

15934 dickylongcocking the Merchant of Misery (level 12, -10/98 HPs)
             Began as a Demonspawn Necromancer on June 7, 2021.
             Was a Believer of Kikubaaqudgha.
             Killed from afar by an ice statue (20 damage)
             ... with a freezing blast
             ... in an ice cave.
             The game lasted 00:21:55 (16297 turns).

dickylongcocking the Merchant of Misery (DsNe)     Turns: 16297, Time: 00:21:56

Health: -10/98     AC: 14    Str: 10    XL:     12   Next: 5%
Magic:  6/25       EV: 12    Int: 20    God:    Kikubaaqudgha [**....]
Gold:   529        SH:  5    Dex: 14    Spells: 14/29 levels left

rFire    . . .     SeeInvis .   m - +0 rapier (pain)
rCold    . . .     Faith    +   A - +0 buckler
rNeg     . . .     Spirit   .   y - +0 acid dragon scales
rPois    +         Reflect  .   b - +1 helmet
rElec    .         Harm     .   (no cloak)
rCorr    +         Rampage  .   (no gloves)
Will     .....                  h - +2 pair of boots
Stlth    ++........             s - amulet of faith
HPRegen  0.26/turn              p - ring of wizardry
MPRegen  0.19/turn              r - ring of poison resistance

@: no status effects
A: hooves 2, rugged brown scales 2, spiny 1, demonic magic 1
a: Renounce Religion, Receive Corpses


You were in an ice cave.
You worshipped Kikubaaqudgha.
Kikubaaqudgha was pleased with you.
You visited 2 branches of the dungeon, and saw 13 of its levels.
You also visited: Ice Cave.

You collected 529 gold pieces.

Inventory:

Hand Weapons
 c - a +0 spear
 j - a +0 long sword of electrocution
 m - a +0 rapier of pain (weapon)
 o - a +0 short sword of distortion
Missiles
 v - 8 atropa-tipped darts
Armour
 a - a +0 robe
 b - a +1 helmet (worn)
 h - a +2 pair of boots (worn)
 n - a +0 leather armour
 y - +0 acid dragon scales (worn)
 A - a +0 buckler (worn)
 E - the +4 plate armour of the Robin {rC+}
   (You found it on level 7 of the Dungeon)

   It protects you from cold.
Magical Staves
 z - a staff of cold
Jewellery
 f - a +6 ring of strength
 g - the ring "Horigyahou" {rElec rPois rCorr Str+4 Dex-5}
   (You found it on level 9 of the Dungeon)

   [ring of poison resistance]

   It affects your strength (+4).
   It affects your dexterity (-5).
   It insulates you from electricity.
   It protects you from poison.
   It protects you from acid and corrosion.
 l - an amulet of guardian spirit
 p - a ring of wizardry (left hand)
 r - a ring of poison resistance (right hand)
 s - an amulet of faith (around neck)
 D - a +4 ring of protection
Wands
 k - a wand of mindburst (18)
 w - a wand of paralysis (4)
 C - a wand of digging (6)
Scrolls
 d - 3 scrolls of enchant armour
 e - a scroll of immolation
 i - 5 scrolls of amnesia
 t - 2 scrolls of identify
 u - a scroll of holy word
 F - a scroll of magic mapping
Potions
 x - 2 potions of flight
 B - a potion of ambrosia


   Skills:
 * Level 8.9 Fighting
 * Level 7.6 Short Blades
 * Level 3.8 Armour
 * Level 4.4 Dodging
 - Level 1.7 Stealth
 - Level 4.0 Shields
 * Level 9.1 Spellcasting
 * Level 11.2 Necromancy


You had 14 spell levels left.
You knew the following spells:

 Your Spells              Type           Power      Damage    Failure   Level
a - Pain                  Necr           100%       1d9       1%          1
b - Vampiric Draining     Necr           26%        2d9       1%          3
c - Sublimation of Blood  Necr           26%        N/A       1%          2
d - Animate Dead          Necr           26%        N/A       1%          4
e - Agony                 Necr           53%        N/A       1%          5

Your spell library contained the following spells:

 Spells                   Type           Power      Damage    Failure   Level
 Animate Skeleton         Necr           100%       N/A       1%          1
 Confusing Touch          Hex            9%         N/A       14%         3
 Gell's Gravitas          Tloc           4%         N/A       14%         3
 Petrify                  Tmut/Erth      9%         N/A       41%         4
 Metabolic Englaciation   Hex/Ice        4%         N/A       75%         5
 Yara's Violent Unravell  Hex/Tmut       4%         3d4       75%         5


Dungeon Overview and Level Annotations

Branches:
Dungeon (12/15)            Temple (1/1) D:6            Lair (0/6) D:10
  IceCv (1/1)
    Orc: D:9-12

Altars:
Ashenzari
Cheibriados
Dithmenos
Elyvilon
Fedhas
Gozag
Hepliaklqana
Kikubaaqudgha
Makhleb
Nemelex Xobeh
Okawaru
Qazlal
Ru
Sif Muna
Trog
Uskayaw
Vehumet
Wu Jian
Xom
Yredelemnul
Zin
The Shining One

Annotations:
D:11 Urug


Innate Abilities, Weirdness & Mutations

You have hoof-like feet.
You are mostly covered in rugged brown scales. (AC +2, +5% HP)
You are partially covered in sharp spines.
Spells you cast may paralyse adjacent enemies.


Message History

Unknown command.
The ice beast hits you but does no damage.
Okay, then.
Okay, then.
Okay, then.
You feel better. The ice beast is struck by your spines.
The ice beast hits you.
* * * LOW HITPOINT WARNING * * *
The ice beast freezes you.
* * * LOW HITPOINT WARNING * * *
Unknown command.
The ice beast hits you.
* * * LOW HITPOINT WARNING * * *
The ice beast freezes you.
* * * LOW HITPOINT WARNING * * *
Unknown command.
Unknown command.
Okay, then.
Okay, then.
Okay, then.
Okay, then.
You feel better.
The ice beast hits you but does no damage.
Unknown command.
Unknown command.
You block the ice beast's attack.
Unknown command.
Unknown command.
The ice beast hits you but does no damage.
The white ugly thing is struck by your spines.
The white ugly thing punches you but does no damage.
You block the ice beast's attack.
There is a transporter here.
You enter the transporter and appear at another place.
An ugly thing and 2 ice statues come into view.
The white ugly thing gurgles horribly!
The ice statue gestures at you. The freezing blast engulfs you!!
You die...
Kikubaaqudgha rasps: "You have failed me!
Welcome... death!"

#######
##.....##
##...∩...##
##...u.....##
#.....@.....#
#...........#
#...........#
#......u......#
#....8...8....#
#......$......#
##....).)....##
#...8.).8...#


You could see 2 ice statues and 2 ugly things.

Vanquished Creatures
  Fannar (D:10)
  A hydra (D:8)
  2 centaur warriors
  A two-headed ogre (D:10)
  Pikel (D:9)
  3 ugly things (D:9)
  A deep elf pyromancer (D:12)
  A manticore (D:8)
  2 cyclopes
  Maggie (D:9)
  A tengu conjurer (D:9)
  2 rime drakes (D:12)
  3 trolls
  2 wyverns
  A wraith (D:9)
  The ghost of cobaltphoenix the Chopper, an amateur HOMo (D:3)
  10 yaks (D:9)
  3 vampire mosquitoes (D:10)
  2 acid dragons
  A water moccasin (D:7)
  5 ice beasts
  2 orc warriors
  3 sky beasts
  An ogre (D:5)
  A black bear (D:3)
  A necrophage (D:5)
  3 wolves
  4 centaurs
  3 kobold brigands
  Blork the orc (D:4)
  2 bullfrogs
  A wyvern zombie (D:8)
  2 scorpions
  2 gnoll sergeants
  7 killer bees
  A water moccasin skeleton (D:5)
  3 wights
  5 howler monkeys
  3 electric eels (D:10)
  A bullfrog zombie (D:7)
  4 centaur zombies
  7 hounds
  A jelly (D:4)
  7 orc priests
  A centaur skeleton (D:7)
  3 iguanas
  8 orc wizards
  A killer bee zombie (D:7)
  4 adders
  8 gnolls
  2 howler monkey skeletons (D:7)
  2 shadow imps
  3 white imps
  An ufetubus (D:5)
  An adder skeleton (D:4)
  2 dart slugs
  38 orcs
  7 ball pythons
  7 endoplasms
  6 goblins
  5 hobgoblins
  7 jackals
  3 quokkas
  5 bats
  4 frilled lizards
  26 kobolds
  6 rats
260 creatures vanquished.

Vanquished Creatures (collateral kills)
  A vampire (D:10)
  An orc priest (D:8)
2 creatures vanquished.

Vanquished Creatures (others)
  A giant cockroach (D:2)
1 creature vanquished.

Grand Total: 263 creatures vanquished

Notes
Turn   | Place    | Note
-------+----------+-------------------------------------------
     0 | D:1      | dickylongcocking the Demonspawn Necromancer began the quest
                  | for the Orb.
     0 | D:1      | Reached XP level 1. HP: 13/13 MP: 3/3
   329 | D:1      | Gained mutation: Spells you cast may paralyse adjacent
                  | enemies. [demonic ancestry]
   329 | D:1      | Reached XP level 2. HP: 8/19 MP: 0/5
  1401 | D:2      | Reached XP level 3. HP: 20/25 MP: 0/6
  1535 | D:2      | Reached skill level 5 in Necromancy
  2354 | D:3      | Found a runed translucent gate.
  2354 | D:3      | Found a runed translucent gate.
  2358 | D:3      | Noticed cobaltphoenix's ghost (amateur HOMo)
  2360 | D:3      | Noticed a kobold brigand
  2377 | D:3      | Found a runed translucent gate.
  2509 | D:3      | Found a faded altar of an unknown god.
  2586 | D:3      | Found a shimmering blue altar of Sif Muna.
  2587 | D:3      | Found a hazy altar of Hepliaklqana.
  2661 | D:3      | Noticed a black bear
  2710 | D:4      | Learned a level 3 spell: Vampiric Draining
  3033 | D:4      | Reached skill level 1 in Fighting
  3033 | D:4      | Reached XP level 4. HP: 31/32 MP: 4/8
  3083 | D:4      | Gained mutation: You are partially covered in sharp spines.
                  | [demonic ancestry]
  3083 | D:4      | Reached XP level 5. HP: 3/37 MP: 0/10
  3412 | D:3      | Killed a black bear
  3413 | D:3      | Reached skill level 6 in Necromancy
  3905 | D:3      | Reached XP level 6. HP: 43/45 MP: 1/12
  3975 | D:3      | Killed cobaltphoenix's ghost
  4206 | D:4      | Noticed Blork the orc
  4248 | D:3      | Found a stormy altar of Qazlal.
  4248 | D:3      | Found a broken altar of Ashenzari.
  4326 | D:4      | Gained mutation: You have large cloven feet. [demonic
                  | ancestry]
  4326 | D:4      | Reached XP level 7. HP: 46/51 MP: 7/13
  4345 | D:4      | Killed Blork the orc
  4433 | D:4      | Reached skill level 1 in Short Blades
  4433 | D:4      | Reached skill level 7 in Necromancy
  4528 | D:4      | Reached skill level 5 in Spellcasting
  4793 | D:5      | Entered Level 5 of the Dungeon
  4819 | D:5      | Gained mutation: You have hoof-like feet. [demonic
                  | ancestry]
  4819 | D:5      | Reached XP level 8. HP: 11/60 MP: 2/15
  5873 | D:6      | Found a staircase to the Ecumenical Temple.
  5902 | Temple   | Entered the Ecumenical Temple
  6214 | D:6      | Reached skill level 8 in Necromancy
  6569 | D:6      | Found a basalt altar of Yredelemnul.
  6574 | D:6      | Found a sparkling altar of Nemelex Xobeh.
  6882 | D:6      | Reached skill level 5 in Fighting
  6953 | D:6      | Reached skill level 1 in Shields
  7357 | D:6      | Found an ancient bone altar of Kikubaaqudgha.
  7360 | D:6      | Found a hide-covered altar of Uskayaw.
  7363 | D:6      | Found a bloodstained altar of Trog.
  7366 | D:6      | Found a blossoming altar of Fedhas.
  7372 | D:6      | Became a worshipper of Kikubaaqudgha
  7560 | D:7      | Gained mutation: You are partially covered in rugged brown
                  | scales. (AC +1, +3% HP) [demonic ancestry]
  7560 | D:7      | Reached XP level 9. HP: 55/70 MP: 16/18
  8445 | D:7      | Reached * piety under Kikubaaqudgha
  8445 | D:7      | Identified Kikubaaqudgha's Volume of Unholy Magic
                  | (Kikubaaqudgha gifted it to you on level 7 of the Dungeon)
  8445 | D:7      | Received a gift from Kikubaaqudgha
  8457 | D:7      | Learned a level 2 spell: Sublimation of Blood
  8745 | D:7      | Identified the +4 plate armour of the Robin {rC+}
  8833 | D:7      | Identified the +0 leather armour of Fashionability {rElec
                  | rCorr Str-3 Dex+3}
  8977 | D:8      | Noticed a manticore
  8992 | D:8      | Killed a manticore
  8993 | D:8      | Reached skill level 9 in Necromancy
  9445 | D:8      | Reached skill level 5 in Short Blades
 10113 | D:8      | Noticed a centaur warrior
 10124 | D:8      | Killed a centaur warrior
 10125 | D:8      | Reached XP level 10. HP: 46/79 MP: 0/20
 10884 | D:9      | Reached ** piety under Kikubaaqudgha
 10884 | D:9      | Noticed Pikel
 10895 | D:9      | Killed Pikel
 10896 | D:9      | Reached skill level 10 in Necromancy
 11046 | D:9      | Noticed a white ugly thing
 11047 | D:9      | Noticed a white ugly thing
 11054 | D:9      | Noticed a cyan ugly thing
 11470 | D:9      | Noticed a cyclops
 11473 | D:9      | Noticed Maggie
 11477 | D:9      | Killed a cyclops
 11480 | D:9      | Noticed a centaur warrior
 11722 | D:9      | Killed Maggie
 11769 | D:9      | Killed a centaur warrior
 11770 | D:9      | Reached skill level 1 in Armour
 11770 | D:9      | Reached XP level 11. HP: 60/88 MP: 1/23
 11777 | D:9      | Killed a green ugly thing
 11779 | D:9      | Killed a green ugly thing
 11910 | D:9      | Learned a level 4 spell: Animate Dead
 11916 | D:9      | Learned a level 5 spell: Agony
 11979 | D:9      | Noticed an eight-headed hydra
 12287 | D:9      | Identified the ring "Horigyahou" {rElec rPois rCorr Str+4
                  | Dex-5}
 12408 | D:8      | Killed an eight-headed hydra
 12636 | D:9      | Killed a cyan ugly thing
 13035 | D:10     | Entered Level 10 of the Dungeon
 14075 | D:10     | Found a staircase to the Lair.
 14413 | D:10     | Noticed Fannar
 14422 | D:10     | Killed Fannar
 14423 | D:10     | Reached skill level 11 in Necromancy
 14895 | D:10     | Noticed a two-headed ogre
 14904 | D:10     | Killed a two-headed ogre
 15129 | D:10     | Found an opulent altar of Gozag.
 15899 | D:11     | Noticed Urug
 15985 | D:12     | Noticed a deep elf pyromancer
 15994 | D:12     | Killed a deep elf pyromancer
 16257 | D:12     | Found a frozen archway.
 16263 | D:12     | Gained mutation: You are mostly covered in rugged brown
                  | scales. (AC +2, +5% HP) [demonic ancestry]
 16263 | D:12     | Reached XP level 12. HP: 72/98 MP: 19/25
 16270 | IceCv    | Entered an ice cave
 16271 | IceCv    | Found a transporter.
 16286 | IceCv    | HP: 1/98 [ice beast (6)]
 16297 | IceCv    | Killed from afar by an ice statue

Illustrated notes

Levels and vault maps discovered:
D:1:      sevenhm_arrival_forest_fort_large_2, layout_loops_ring
D:2:      layout_basic, lemuel_old_faithful
D:3:      layout_basic, nicolae_overflow_hidden_temple,
          chequers_ecumenical_altar_simple, gammafunk_ghost_nasty_kobolds
D:4:      layout_cave_pools, uniq_blork_the_orc
D:5:      layout_cave_pools, roderic_roman_lattice,
          eino_small_chamber_without_monster, kennysheep_generic_room_2
D:6:      layout_layer_cave, grunt_temple_overflow_cloverleaf,
          grunt_temple_overflow_open, minmay_temple_entry_glassed_door
D:7:      layout_cave_pools
D:8:      layout_basic
D:9:      minmay_cut_squares, layout_basic, uniq_pikel, uniq_maggie
D:10:     layout_irregular_city, pdpol_temple_overflow_zin_treasury_gozag_greed,
          erik_lair_island, uniq_fannar
D:11:     minmay_the_grid_octo_2x2 [minmay_the_grid_octo_chip,
          minmay_the_grid_octo_pinwheel, minmay_the_grid_octo_concentric,
          minmay_the_grid_octo_prize_ultimate_mussel_roller],
          layout_loops_corners, grunt_ministairs_15, uniq_urug
D:12:     minmay_stepped, layout_cave_pools, hiddenorc2_lemuel,
          portal_ice_cave_rime, nicolae_uskayaw_dance_hall, uniq_jorgrun
Temple:   dpeg_chambers_temple
IceCv:    ice_cave_statue_garden_transporter

Skill      XL: |  1  2  3  4  5  6  7  8  9 10 11 |
---------------+----------------------------------+-----
Necromancy     | 5 6 7 8 9 10 11 | 11.2
Fighting       | 1 2 3 5 6 7 8 |  8.9
Spellcasting   | 3 4 5 6 7 8 9 |  9.1
Short Blades   | 2 3 5 6 7 |  7.6
Shields        | 1 3 4 |  4.0
Dodging        | 2 4 |  4.4
Armour         | 1 3 |  3.8
Stealth        | |  1.7

Action                   |  1- 3 |  4- 6 |  7- 9 | 10-12 || total
-------------------------+-------+-------+-------+-------++-------
Melee: Spear             |    34 |       |       |       ||    34
       Long sword        |    28 |    32 |       |     6 ||    66
       Rapier            |       |     8 |   266 |   261 ||   535
 Cast: Pain              |    42 |    23 |     6 |    22 ||    93
       Vampiric Draining |     1 |     6 |    30 |    23 ||    60
       Agony             |       |       |       |    23 ||    23
       Animate Dead      |       |       |       |     6 ||     6
Invok: Receive Corpses   |       |       |       |     8 ||     8
Evoke: Wand              |       |       |       |    12 ||    12
  Use: Scroll            |     4 |     2 |     6 |     8 ||    20
       Potion            |     2 |     3 |     4 |     9 ||    18
 Stab: Sleeping          |     8 |       |     1 |       ||     9
       Paralysed         |     2 |     7 |    18 |    25 ||    52
Armor: Robe              |    23 |     4 |       |       ||    27
       Leather armour    |       |    13 |   109 |    53 ||   175
       Skin              |       |       |     5 |       ||     5
       Acid dragon scale |       |       |       |   117 ||   117
Dodge: Dodged            |    57 |    29 |   166 |   173 ||   425
Block: Buckler           |       |       |    41 |    89 ||   130
       Rpst.: Long sword |    11 |     4 |       |       ||    15

Table legend: (Time is in decaauts)
 A = Elapsed time spent in this place.
 B = Non-inter-level travel time spent in this place.
 C = Inter-level travel time spent in this place.
 D = Time resting spent in this place.
 E = Time spent auto-exploring this place.
 F = Levels seen in this place.
 G = Mean time per level.
                   A        B        C        D        E       F      G
               +--------+--------+--------+--------+--------+-----+--------+
         Total |  16268 |  15596 |    672 |   4425 |   8683 |  14 | 1162.0 |
       Dungeon |  15953 |  15281 |    672 |   4425 |   8444 |  12 | 1329.4 |
        Temple |    288 |    288 |      0 |      0 |    239 |   1 |  288.0 |
      Ice Cave |     26 |     26 |      0 |      0 |      0 |   1 |   26.0 |
               +--------+--------+--------+--------+--------+-----+--------+

Top non-repeatable levels by time:
     D:9: 2562 daAuts
     D:8: 1904 daAuts
     D:6: 1888 daAuts
    D:10: 1797 daAuts
     D:3: 1528 daAuts
     D:7: 1344 daAuts
     D:1: 1134 daAuts
     D:2: 1123 daAuts
     D:5: 1040 daAuts
     D:4: 1035 daAuts
    D:12: 330 daAuts
  Temple: 288 daAuts
    D:11: 264 daAuts
   IceCv: 26 daAuts
